 Dungeon Crawl Stone Soup version 0.30-a0-1018-g25214051b3 (webtiles) character file.

Game seed: 6404297611086235814

59 protoss039 the Sneak (level 3, 0/26 HPs)
             Began as a Vampire Enchanter on Apr 8, 2023.
             Slain by Pargi (7 damage)
             ... on level 3 of the Dungeon.
             The game lasted 00:02:49 (2091 turns).

protoss039 the Sneak (Vampire Enchanter)            Turns: 2091, Time: 00:02:50

Health: 0/26       AC:  3    Str:  7    XL:     3   Next: 78%
Magic:  2/6        EV: 12    Int: 17    God:
Gold:   143        SH:  0    Dex: 16    Spells: 1/6 levels left

rFire   . . .      SeeInvis +    a - +1 dagger
rCold   . . .      Faith    .    (no shield)
rNeg    . . .      Spirit   .    b - +0 robe
rPois   .          Reflect  .    (no helmet)
rElec   .          Rampage  .    (no cloak)
rCorr   .                        (no gloves)
Will    .....                    l - +0 pair of boots
Stlth   +++                      f - amulet of the acrobat
HPRegen 0.44/turn                (no ring)
MPRegen 0.10/turn                (no ring)

@: healing quickly, invisible
A: alive, fangs 3, see invisible, vampiric 2
a: Exsanguinate


You were on level 3 of the Dungeon.
You visited 1 branch of the dungeon, and saw 3 of its levels.

You collected 143 gold pieces.

Inventory:

Hand Weapons
 a - a +1 dagger (weapon)
Armour
 b - a +0 robe (worn)
 l - a +0 pair of boots (worn)
Jewellery
 f - an amulet of the acrobat (around neck)
Scrolls
 d - a scroll of noise {unknown}
 e - 2 scrolls of identify {unknown}
 g - 3 scrolls of teleportation
 i - a scroll of torment {unknown}
 m - a scroll of enchant armour {unknown}
 n - a scroll of enchant weapon {unknown}
 o - a scroll of poison {unknown}
Potions
 c - a potion of invisibility
 h - a potion of heal wounds {unknown}
 j - 2 potions of flight {unknown}
 k - a potion of curing {unknown}


   Skills:
 * Level 1.2 Fighting
 + Level 1.6 Short Blades
 + Level 2.4 Dodging
 * Level 5.3 Stealth
 + Level 2.2 Spellcasting
 + Level 4.7 Hexes
 + Level 0.7 Ice Magic


You had one spell level left.
You knew the following spells:

 Your Spells              Type           Power      Damage    Failure   Level
a - Ensorcelled Hibernat  Hex/Ice        22%        N/A       10%         2
b - Confusing Touch       Hex            18%        N/A       9%          3

Your spell library contained the following spells:

 Spells                   Type           Power      Damage    Failure   Level
 Summon Small Mammal      Summ           4%         N/A       19%         1
 Tukima's Dance           Hex            18%        N/A       9%          3
 Dazzling Flash           Conj/Hex       18%        N/A       22%         3
 Summon Guardian Golem    Hex/Summ       9%         N/A       22%         3
 Call Canine Familiar     Summ           1%         N/A       50%         3


Dungeon Overview and Level Annotations

Branches:
Dungeon (3/15) Zot: 15912

Altars:

Annotations:
D:3 Pargi


Innate Abilities, Weirdness & Mutations

Your natural rate of healing is accelerated.
You have razor-sharp teeth.
You have supernaturally acute eyesight. (SInv)
You are afflicted with vampirism and can become a bat while bloodless.


Message History

Pargi shouts!
Found a stone staircase leading down.
Casting: Ensorcelled Hibernation (safe; 10% risk of failure)
Confirm with . or Enter, or press ? or * to list all spells.
Aiming: Ensorcelled Hibernation (safe; 10% risk of failure)
Press: ? - help, Shift-Dir - straight line, f - Pargi
Aim: Pargi (chance to affect: 53%) Pargi resists with significant effort.
Pargi closely misses you. Pargi claws you but does no damage. x2
Unknown command.
Casting: Ensorcelled Hibernation (safe; 10% risk of failure)
Confirm with . or Enter, or press ? or * to list all spells.
Aiming: Ensorcelled Hibernation (safe; 10% risk of failure)
Press: ? - help, Shift-Dir - straight line, f/p - Pargi
Aim: Pargi (chance to affect: 53%) Pargi looks drowsy...
Unknown command.
The helpless Pargi fails to defend himself.
You impale Pargi!!
Pargi is severely wounded.
Unknown command.
You completely miss Pargi.
Pargi is severely wounded.
Pargi bites you. Pargi claws you. x2
You barely miss Pargi.
Pargi is severely wounded.
Pargi closely misses you. Pargi claws you. x2
You hit Pargi.
Pargi is severely wounded.
Pargi completely misses you. Pargi claws you but does no damage. x2
You hit Pargi. Your bite misses Pargi.
Pargi is severely wounded.
Pargi barely misses you. Pargi claws you. Pargi closely misses you.
You barely miss Pargi.
Pargi is severely wounded.
Pargi bites you. Pargi claws you but does no damage. Pargi claws you.
* * * LOW HITPOINT WARNING * * *
You fade into invisibility!
Pargi bites you!
You die...

#.### #.# ...
...# ##.##...
######.<.#.#
...........#
######...###
##..#
#######.####
.......@...#
#######T##.....
#.# #### #.#
#.# #.# #># #.#


You could see Pargi (unable to see you).

Vanquished Creatures
  An adder (D:2)
  2 worms
  An orc (D:2)
  5 endoplasms
  6 hobgoblins
  2 jackals (D:1)
  3 kobolds
  A quokka (D:1)
  6 ball pythons
  5 bats
  2 frilled lizards (D:1)
  2 goblins (D:1)
  5 rats
41 creatures vanquished.

Notes
Turn   | Place    | Note
-------+----------+-------------------------------------------
     0 | D:1      | protoss039 the Vampire Enchanter began the quest for the
                  | Orb.
     0 | D:1      | Reached XP level 1. HP: 13/13 MP: 3/3
    82 | D:1      | Reached XP level 2. HP: 18/20 MP: 5/5
    85 | D:1      | Learned a level 2 spell: Ensorcelled Hibernation
   445 | D:1      | Reached skill level 5 in Stealth
   910 | D:2      | Reached skill level 1 in Fighting
  1086 | D:1      | Gained mutation: You are afflicted with vampirism and can
                  | become a bat while bloodless. [Vampire growth]
  1086 | D:1      | Reached XP level 3. HP: 20/26 MP: 1/6
  2059 | D:2      | Learned a level 3 spell: Confusing Touch
  2078 | D:3      | Noticed Pargi
  2091 | D:3      | Slain by Pargi

Illustrated notes

Levels and vault maps discovered:
D:1:      psy_arrival_basics, layout_loops_ring, minmay_hexomino_u4
D:2:      layout_basic, item_on_display_a
D:3:      layout_loops_ring, grunt_temple_overflow_lords_of_destruction,
          uniq_pargi

Skill      XL: |  1  2 |
---------------+-------+-----
Stealth        | 5 |  5.3
Fighting       | 1 |  1.2
Short Blades   | |  1.6
Dodging        | |  2.4
Spellcasting   | |  2.2
Hexes          | |  4.7
Ice Magic      | |  0.7

Action                     || total
---------------------------++-------
  Melee: Dagger            ||    98
         Bite              ||     8
         Punch             ||     1
   Cast: Ensorcelled Hiber ||    22
    Use: Scroll            ||     1
         Potion            ||     1
   Stab: Sleeping          ||    30
 Armour: Robe              ||    13
  Dodge: Dodged            ||    64

Table legend: (Time is in decaauts)
 A = Elapsed time spent in this place.
 B = Non-inter-level travel time spent in this place.
 C = Inter-level travel time spent in this place.
 D = Time resting spent in this place.
 E = Time spent auto-exploring this place.
 F = Levels seen in this place.
 G = Mean time per level.
                   A        B        C        D        E       F      G
               +--------+--------+--------+--------+--------+-----+--------+
         Total |   2086 |   1995 |     91 |    104 |   1467 |   3 |  695.3 |
       Dungeon |   2086 |   1995 |     91 |    104 |   1467 |   3 |  695.3 |
               +--------+--------+--------+--------+--------+-----+--------+

Top non-repeatable levels by time:
     D:1: 1056 daAuts
     D:2: 1015 daAuts
     D:3: 14 daAuts
